 Dungeon Crawl Stone Soup version 0.22.0-49-gab54619 (webtiles) character file.

33 Lew the Skirmisher (level 3, 6/23 HPs)
             Began as a Gargoyle Fighter on Sept 3, 2018.
             Was a Follower of Uskayaw.
             Quit the game on level 2 of the Dungeon.
             The game lasted 00:01:24 (864 turns).

Lew the Skirmisher (Gargoyle Fighter)                Turns: 864, Time: 00:01:25

Health: 6/23       AC: 11    Str: 19    XL:     3   Next: 29%
Magic:  3/3        EV:  7    Int:  8    God:    Uskayaw [*.....]
Gold:   45         SH:  9    Dex: 10    Spells: 2/2 levels left

rFire    . . .     SeeInvis .   a - +0 flail
rCold    . . .     Gourm    .   c - +0 shield
rNeg     + . .     Faith    .   b - +0 scale mail
rPois    ∞         Spirit   .   (no helmet)
rElec    +         Reflect  .   (no cloak)
rCorr    .         Harm     .   m - +0 pair of gloves
MR       .....                  (no boots)
Stlth    ..........             (no amulet)
HPRegen  0.07/turn              (no ring)
MPRegen  0.08/turn              (no ring)

@: no status effects
A: negative energy resistance 1, electricity resistance, unbreathing,
petrification resistance, rot immunity, AC +3
a: Stomp, Renounce Religion


You were on level 2 of the Dungeon.
You worshipped Uskayaw.
Uskayaw was noncommittal.
You were not hungry.

You visited 1 branch of the dungeon, and saw 2 of its levels.

You collected 45 gold pieces.

Inventory:

Hand Weapons
 a - a +0 flail (weapon)
Armour
 b - a +0 scale mail (worn)
 c - a +0 shield (worn)
 m - a +0 pair of gloves (worn)
Scrolls
 e - 2 scrolls of enchant weapon {unknown}
 h - a scroll of enchant armour {unknown}
 k - a scroll of teleportation {unknown}
Potions
 d - a potion of might
 g - a potion of flight {unknown}
 i - a potion of invisibility {unknown}
 j - a potion of degeneration {unknown}
 l - a potion of cancellation {unknown}
Comestibles
 f - a ration


   Skills:
 + Level 3.6 Fighting
 + Level 2.3 Maces & Flails
 + Level 3.6 Armour
 + Level 1.3 Stealth
 + Level 3.6 Shields


You had 2 spell levels left.
You didn't know any spells.
Your spell library was empty.

Dungeon Overview and Level Annotations

Branches:
Dungeon (2/15)

Altars:
Uskayaw


Innate Abilities, Weirdness & Mutations

You are resistant to torment.
Your stone body is resilient. (AC +3)
You are immune to poison.
You resist negative energy. (rN+)
You are resistant to electric shocks. (rElec)
You can survive without breathing.
You are immune to petrification.
You are immune to rotting.


Message History

The goblin barely misses you.
The leopard gecko bites you but does no damage.
You sock the goblin!
You kill the goblin!
The leopard gecko closely misses you.
The leopard gecko bites you but does no damage.
The leopard gecko completely misses you.
Things that are here:
an uncursed hunting sling; 7 stones; a scroll labeled BAKOGA YSYNAD The leopard gecko closely misses you.
There is a hide-covered altar of Uskayaw here.
You see here 7 stones.
Found a stone staircase leading up.
You closely miss the leopard gecko. You block the leopard gecko's attack.
The leopard gecko barely misses you.
You hit the leopard gecko.
You kill the leopard gecko!
There is a hide-covered altar of Uskayaw here.
You see here 7 stones.
Are you sure you want to abandon this character and quit the game? (Confirm

#...(.. ....#
+...........#
#...........#
..#...........#
.............#
#.###...♣...###
..#...♣.♣....#
#.#..♣(_)♣
#######.#.((♣@♣....#
.........(...♣.....#
..(................#
..........#####......
........#.# .......
........#..# .......
.......<##.# .......
........# .# .....
##+###### ..


There were no monsters in sight!

Vanquished Creatures
  An adder (D:2)
  An ooze (D:2)
  A dart slug (D:1)
  A leopard gecko (D:2)
  A giant cockroach (D:1)
  4 goblins
  A hobgoblin (D:1)
  2 kobolds (D:1)
  A bat (D:1)
  3 frilled lizards (D:1)
  A rat (D:1)
17 creatures vanquished.

Notes
Turn   | Place    | Note
-------+----------+-------------------------------------------
     0 | D:1      | Lew the Gargoyle Fighter began the quest for the Orb.
     0 | D:1      | Reached XP level 1. HP: 14/14 MP: 1/1
   255 | D:1      | Reached XP level 2. HP: 15/19 MP: 2/2
   807 | D:2      | Found a faded altar of an unknown god.
   821 | D:2      | Became a worshipper of Uskayaw the Reveler
   821 | D:2      | Reached * piety under Uskayaw
   835 | D:2      | Reached skill level 1 in Stealth
   835 | D:2      | Reached XP level 3. HP: 12/23 MP: 3/3
   836 | D:2      | Reached ** piety under Uskayaw
   864 | D:2      | Quit the game

Skill      XL: |  1  2 |
---------------+-------+-----
Stealth        | 1 |  1.3
Fighting       | |  3.6
Maces & Flails | |  2.3
Armour         | |  3.6
Shields        | |  3.6

Action                   || total
-------------------------++-------
Melee: Flail             ||    97
Armor: Scale mail        ||    76
Dodge: Dodged            ||    49
Block: Shield            ||   109
